 Dungeon Crawl Stone Soup version 0.21-a0-79-g04744e2 (webtiles) character file.

251 Ijustatesigmund the Sneak (level 6, 0/45 HPs)
             Began as an Octopode Assassin on June 22, 2017.
             Slain by a worker ant (6 damage)
             ... on level 5 of the Dungeon.
             The game lasted 00:05:37 (2012 turns).

Ijustatesigmund the Sneak (Octopode Assassin)       Turns: 2012, Time: 00:05:38

Health: 0/45       AC:  1    Str: 10    XL:     6   Next: 13%
Magic:  6/6        EV: 13    Int: 20    God:
Gold:   175        SH:  0    Dex: 15    Spells: 5/5 levels left

rFire    + . .     SeeInvis .   o - -3 short sword (curse)
rCold    + . .     Gourm    .   (no shield)
rNeg     . . .     Faith    .   (helmet restricted)
rPois    .         Spirit   .   (no amulet)
rElec    .         Reflect  .   j - ring of protection from fire
rCorr    .         Harm     .   m - +6 ring of intelligence
MR       .....                  q - ring of protection from cold
Stlth    ++++......             (no ring)
HPRegen  0.15/turn              (no ring)
MPRegen  0.10/turn              (no ring)
                                (no ring)
                                (no ring)

@: no status effects
A: almost no armour, stealthy swim, amphibious, 8 rings, constrict 8, camouflage
1, gelatinous body 1
a: no special abilities


You were on level 5 of the Dungeon.
You were hungry.

You visited 1 branch of the dungeon, and saw 5 of its levels.

You collected 175 gold pieces.

Inventory:

Hand Weapons
 a - a +3 dagger
 b - a +0 blowgun
 o - a cursed -3 short sword (weapon)
Missiles
 c - 27 poisoned needles
 d - 2 curare-tipped needles
Armour
 s - a +0 shield
Jewellery
 j - a ring of protection from fire (left tentacle)
 m - a +6 ring of intelligence (right tentacle)
 q - a ring of protection from cold (on tentacle)
Scrolls
 e - 3 scrolls of fear
 g - 2 scrolls of enchant weapon
 i - 3 scrolls of recharging
Potions
 h - a potion of curing
 k - 2 potions of magic
 n - 2 potions of lignification
 w - a potion of berserk rage
Comestibles
 f - 4 bread rations
 l - a meat ration
 r - a royal jelly


   Skills:
 + Level 4.8 Fighting
 + Level 4.3 Short Blades
 - Level 2.0 Throwing
 - Level 1.0 Dodging
 - Level 5.3 Stealth


You had 5 spell levels left.
You didn't know any spells.

Dungeon Overview and Level Annotations

Branches:
Dungeon (5/15)
 Temple: D:4-7

Altars:
Elyvilon
Ru
Wu Jian
Zin


Innate Abilities, Weirdness & Mutations

You cannot wear most types of armour.
You are very stealthy in the water. (Stealth+)
You are amphibious.
You can wear up to eight rings at the same time.
You can use your tentacles to constrict eight enemies at once.
Your skin changes colour to match your surroundings (Stealth+).
Your rubbery body absorbs attacks. (AC +1, EV +1)


Message History

The worker ant closely misses you. The adder barely misses you.
You hit the worker ant. You grab the worker ant.
The worker ant is lightly wounded.
You constrict the worker ant, but do no damage.
The adder barely misses you. The worker ant bites you.
You closely miss the adder. Your grab misses the adder.
The adder is moderately wounded.
You constrict the worker ant, but do no damage.
The adder barely misses you. The worker ant bites you.
* * * LOW HITPOINT WARNING * * *
You hit the adder but do no damage. Your grab misses the adder.
The adder is moderately wounded.
You constrict the worker ant. The adder closely misses you.
The worker ant bites you!
* * * LOW HITPOINT WARNING * * *
You hit the adder. You grab the adder.
The adder is severely wounded.
You constrict the worker ant. You constrict the adder. The adder misses you.
The worker ant bites you.
You die...

####### ##
##.....##..
##..........
#...........
#...<.......
#...........
#....a......
#...@S......
#........... #
##.......... . #
##.....##.. .#.#
##......######...
#......#.....# #
#......#..<..##.#
#.................
#............##.##


You could see a worker ant and an adder.

Vanquished Creatures
  A centaur skeleton (D:4)
  An orc wizard (D:4)
  2 worker ants (D:4)
  6 adders
  2 oozes
  3 worms
  A dart slug (D:1)
  A leopard gecko (D:2)
  10 orcs
  A ball python (D:1)
  4 giant cockroaches
  9 goblins
  4 hobgoblins
  4 bats
  7 frilled lizards
  8 kobolds
  6 rats
70 creatures vanquished.

Notes
Turn   | Place    | Note
-------+----------+-------------------------------------------
     0 | D:1      | Ijustatesigmund the Octopode Assassin began the quest for the Orb.
     0 | D:1      | Reached XP level 1. HP: 14/14 MP: 1/1
   120 | D:1      | Reached XP level 2. HP: 18/20 MP: 2/2
   358 | D:1      | Reached XP level 3. HP: 21/25 MP: 3/3
   646 | D:2      | Found a sacrificial altar of Ru.
   804 | D:2      | Reached XP level 4. HP: 31/31 MP: 4/4
   851 | D:2      | Found a glowing silver altar of Zin.
   950 | D:2      | Found a white marble altar of Elyvilon.
  1248 | D:3      | Found an ornate altar of the Wu Jian Council.
  1330 | D:3      | Reached XP level 5. HP: 34/37 MP: 5/5
  1938 | D:4      | Reached XP level 6. HP: 45/45 MP: 6/6
  1940 | D:4      | Noticed a phantom
  1979 | D:5      | Entered Level 5 of the Dungeon
  2012 | D:5      | Slain by a worker ant

Vault maps used:
D:1:      sevenhm_arrival_forest_fort_small_3, minmay_heptomino_d4
D:2:      nicolae_ru_awakened_eye, lemuel_round_altar, zin_statuary, first_bread
D:3:      lemuel_crystal_altar
D:4:      uniq_menkaure
D:5:      serial_curves, eino_curves_03, eino_curves_04, basic_altar,
          nicolae_ossuary_entry_plus

Skill      XL: |  1  2  3  4  5 |
---------------+----------------+-----
Fighting       | 3 4 |  4.8
Short Blades   | 3 4 |  4.3
Throwing       | |  2.0
Dodging        | |  1.0
Stealth        | |  5.3

Action                   |  1- 3 |  4- 6 || total
-------------------------+-------+-------++-------
Melee: Dagger            |    58 |    52 ||   110
       Constrict         |    12 |    19 ||    31
       Tentacles         |     8 |    15 ||    23
       Short sword       |       |    48 ||    48
  Use: Scroll            |       |    12 ||    12
       Potion            |       |     3 ||     3
 Stab: Sleeping          |    15 |    12 ||    27
  Eat: Chunk             |       |     3 ||     3
Armor: Skin              |     2 |     4 ||     6
Dodge: Dodged            |    23 |    57 ||    80
